 Dungeon Crawl Stone Soup version 0.26.1-11-gd32895ea62 (webtiles) character file.

Game seed: 9156721418105077514

72 infcreate the Vexing (level 4, -3/25 HPs)
             Began as a Vampire Enchanter on July 26, 2021.
             Slain by a gnoll
             ... wielding a +0 club
              (5 damage)
             ... on level 1 of the Dungeon.
             The game lasted 00:08:06 (3119 turns).

infcreate the Vexing (Vampire Enchanter)            Turns: 3119, Time: 00:08:06

Health: -3/25      AC:  2    Str:  7    XL:     4   Next: 7%
Magic:  1/7        EV: 13    Int: 17    God:
Gold:   152        SH:  0    Dex: 15    Spells: 1/7 levels left

rFire    . . .     SeeInvis +   a - +1 dagger
rCold    + + .     Faith    .   (no shield)
rNeg     + + +     Spirit   .   b - +0 robe
rPois    ∞         Reflect  .   (no helmet)
rElec    .         Harm     .   (no cloak)
rCorr    .         Rampage  .   (no gloves)
Will     .....                  (no boots)
Stlth    +++++.....             (no amulet)
HPRegen  0.00/turn              (no ring)
MPRegen  0.10/turn              (no ring)

@: bloodless
A: fangs 3, see invisible, unbreathing
a: Bat Form, Revivify


You were on level 1 of the Dungeon.
You visited 1 branch of the dungeon, and saw 2 of its levels.

You collected 152 gold pieces.


Innate Abilities, Weirdness & Mutations

You do not regenerate when monsters are visible.
You are frail without blood (-20% HP).
You can heal yourself when you bite living creatures.
You are immune to poison.
You have razor-sharp teeth.
You have supernaturally acute eyesight. (SInv)
You can survive without breathing.


   Skills:
 + Level 1.1 Fighting
 + Level 1.9 Short Blades
 + Level 2.8 Dodging
 + Level 5.0 Stealth
 + Level 2.4 Spellcasting
 + Level 5.0 Hexes


You had one spell level left.
You knew the following spells:

 Your Spells              Type           Power        Failure   Level
c - Corona                Hex            21%          2%          1
e - Ensorcelled Hibernat  Hex/Ice        20%          10%         2
t - Confusing Touch       Hex            19%          7%          3

Your spell library contained the following spells:

 Spells                   Type           Power        Failure   Level
 Tukima's Dance           Hex            19%          7%          3
 Dazzling Flash           Conj/Hex       20%          21%         3

Inventory:

Hand Weapons
 a - a +1 dagger (weapon)
Armour
 b - a +0 robe (worn)
Scrolls
 e - 3 scrolls of remove curse {unknown}
 f - a scroll of immolation {unknown}
 g - a scroll of teleportation {unknown}
 h - a scroll of identify {unknown}
 i - a scroll of magic mapping {unknown}
Potions
 c - a potion of haste {unknown}
 d - a potion of heal wounds {@q2}

Dungeon Overview and Level Annotations

Branches:
Dungeon (2/15)

Altars:

#.........#
#..#####..####
####..#####.....# ##
##........##..##.#
.#######...#..##......#.#
.......(.#............#.#
...#####...r..#####...#.#
...# ##...#.#####.....#
...# ##.##.rg@.......#
...# #.######..P.P.##
...# #.# #......# ####
##+## #P...P.# # ##...##
#......# ## ##.....##
#.P....# .##
##.......####...#.#
..####.........####....#
.....'.........'.......#


You could see a gnoll (confused) and a rat.


Message History

* * * LOW HITPOINT WARNING * * *
The adder misses you. The adder bites you.
* * * LOW HITPOINT WARNING * * *
The adder barely misses you.
There is an open door here.
Casting: Ensorcelled Hibernation (safe; 10% risk of failure)
Confirm with . or Enter, or press ? or * to list all spells.
Aiming: Ensorcelled Hibernation (safe; 10% risk of failure)
Press: ? - help, Shift-Dir - straight line, f/p - adder
Aim: an adder (chance to affect: 50%)
The adder looks drowsy...
The helpless adder fails to defend itself.
You bite the adder, and draw its blood!
You feel better.
You impale the adder!!
You kill the adder!
Your Stealth skill increases to level 5!
You have reached level 4!
You see here 20 stones.
Casting: Ensorcelled Hibernation (safe; 10% risk of failure)
Confirm with . or Enter, or press ? or * to list all spells.
The spell is quite dangerous to cast (7% risk of failure)!
Continue anyway?
Your hands begin to glow red.
The gnoll hits you with a +0 club.
* * * LOW HITPOINT WARNING * * *
You barely miss the gnoll.
The rat twitches its whiskers.
The gnoll hits you with a +0 club.
* * * LOW HITPOINT WARNING * * *
You hit the gnoll but do no damage.
The gnoll appears confused.
The gnoll hits you with a +0 club.
You die...

Skill      XL: |  1  2  3 |
---------------+----------+-----
Fighting       | 1 |  1.1
Hexes          | 5 |  5.0
Stealth        | 5 |  5.0
Short Blades   | |  1.9
Dodging        | |  2.8
Spellcasting   | |  2.4

Action                   |  1- 3 |  4- 6 || total
-------------------------+-------+-------++-------
Melee: Dagger            |   143 |     2 ||   145
       Bite              |     7 |       ||     7
 Cast: Corona            |    36 |       ||    36
       Ensorcelled Hiber |    24 |       ||    24
       Confusing Touch   |     4 |     1 ||     5
 Abil: Exsanguinate      |     1 |       ||     1
  Use: Potion            |     1 |       ||     1
 Stab: Sleeping          |    16 |       ||    16
       Distracted        |     1 |       ||     1
       Confused          |     1 |       ||     1
Armor: Robe              |    17 |       ||    17
Dodge: Dodged            |   108 |       ||   108

Levels and vault maps discovered:
D:1:      dpeg_arrival_round_a, layout_loops_corners, minmay_gold_behind_fungi,
          kennysheep_nondescript, minmay_pentomino_w2
D:2:      layout_rooms

Notes
Turn   | Place    | Note
-------+----------+-------------------------------------------
     0 | D:1      | infcreate the Vampire Enchanter began the quest for the
                  | Orb.
     0 | D:1      | Reached XP level 1. HP: 13/13 MP: 3/3
    55 | D:1      | HP: 1/10 [hobgoblin/+0 club (5)]
   776 | D:1      | Reached XP level 2. HP: 15/15 MP: 5/5
   779 | D:1      | Learned a level 2 spell: Ensorcelled Hibernation
  2022 | D:1      | Reached XP level 3. HP: 20/20 MP: 6/6
  2248 | D:1      | Learned a level 3 spell: Confusing Touch
  2791 | D:2      | Reached skill level 1 in Fighting
  2824 | D:1      | Reached skill level 5 in Hexes
  3092 | D:1      | Reached skill level 5 in Stealth
  3092 | D:1      | Reached XP level 4. HP: 8/25 MP: 2/7
  3118 | D:1      | HP: 2/25 [gnoll/+0 club (5)]
  3119 | D:1      | Slain by a gnoll

Vanquished Creatures
  3 adders
  An ooze (D:1)
  A leopard gecko (D:1)
  An orc (D:2)
  A giant cockroach (D:1)
  7 hobgoblins (D:1)
  6 jackals (D:1)
  2 quokkas
  3 bats (D:1)
  3 frilled lizards (D:1)
  5 goblins (D:1)
  2 kobolds (D:1)
  5 rats
40 creatures vanquished.

Vanquished Creatures (others)
  8 fungi (D:1)
  3 toadstools (D:1)
11 creatures vanquished.

Grand Total: 51 creatures vanquished

Table legend: (Time is in decaauts)
 A = Elapsed time spent in this place.
 B = Non-inter-level travel time spent in this place.
 C = Inter-level travel time spent in this place.
 D = Time resting spent in this place.
 E = Time spent auto-exploring this place.
 F = Levels seen in this place.
 G = Mean time per level.
                   A        B        C        D        E       F      G
               +--------+--------+--------+--------+--------+-----+--------+
         Total |   3113 |   2396 |    717 |   1614 |      0 |   2 | 1556.5 |
       Dungeon |   3113 |   2396 |    717 |   1614 |      0 |   2 | 1556.5 |
               +--------+--------+--------+--------+--------+-----+--------+

Top non-repeatable levels by time:
     D:1: 3005 daAuts
     D:2: 107 daAuts

Table legend:
 A = Non-vault XP
 B = Vault XP
 C = Vault XP percentage of total XP
 D = Non-vault monster count
 E = Vault monster count
 F = Vault count percentage of total count
                 A         B        C        D         E       F
            +---------+---------+-------+---------+---------+-------
      Total |     103 |       1 |   1.0 |      39 |       1 |   2.5
            +---------+---------+-------+---------+---------+-------
        D:1 |      84 |       1 |   1.2 |      35 |       1 |   2.8
        D:2 |      19 |       0 |   0.0 |       4 |       0 |   0.0
            +---------+---------+-------+---------+---------+-------
